Map: Misty Swamp

Players

Metasapien - Winner!

  • Race: Zerg Zerg
  • League: Platinum
  • Spawn Location: 9:00

WidowMaker - Winner!

  • Race: Protoss Protoss
  • Spawn Location: 9:00

KING - Winner!

  • Race: Zerg Zerg
  • Spawn Location: 12:00

samanaXZ

  • Race: Protoss Protoss
  • Spawn Location: 3:00

bizou

  • Race: Zerg Zerg
  • Spawn Location: 12:00

marbratiger

  • Race: Protoss Protoss
  • Spawn Location: 3:00

VOD

Have the link to the VOD?

Description

Time

  • Played on: Sept. 24, 2017, 6 p.m.
  • Length: 19:31
Show
View Real Time Build Order
Export as new Build Order

Metasapien Zerg - Winner!

Build Orders: Hatch First, Swarm Host 

Get SALT Encoding   

  12  0:17  Overlord  
  12  0:33  Drone x2  
  14  0:57  Hatchery  
  13  1:12  Spawning Pool  
  13  1:15  Drone, Extractor  
  12  1:21  Drone  
  13  1:25  Drone  
  14  1:34  Drone  
  15  1:45  Drone  
  16  1:48  Drone  
  17  2:12  Drone, Hatchery  
  17  2:23  Drone x3  
  20  2:33  Drone x2  
  22  2:41  Queen  
  24  2:47  Overlord  
  24  2:54  Extractor  
  24  2:57  Drone x2  
  25  2:59  Drone  
  26  3:11  Zergling x6  
  29  3:22  Queen  
  31  3:38  Roach Warren  
  31  3:40  Drone x2, Spore Crawler  
  32  3:41  Drone  
  32  3:45  Drone x2  
  32  3:46  Queen  
  36  3:50  Drone  
  36  3:52  Drone  
  38  4:04  Overlord  
  38  4:06  Overlord  
  38  4:13  Lair  
  38  4:15  Drone x2  
  40  4:22  Overlord  
  40  4:23  Overlord  
  40  4:32  Drone x2  
  40  4:33  Drone x2  
  40  4:34  Drone  
  40  4:35  Drone  
  40  4:36  Drone  
  47  4:46  Drone x2  
  47  4:47  Drone x2  
  47  4:48  Spine Crawler  
  50  4:53  Overlord  
  50  4:58  Drone x2  
  52  5:00  Drone, Extractor  
  52  5:01  Drone x2  
  52  5:06  Drone x3  
  57  5:08  Drone x3  
  57  5:11  Extractor  
  57  5:14  Extractor  
  58  5:17  Extractor  
  58  5:21  Overlord x3  
  57  5:25  Infestation Pit  
  57  5:28  Hydralisk Den  
  55  5:29  Queen  
  55  5:31  Queen  
  55  5:35  Pneumatized Carapace  
  59  5:44  Drone x2  
  59  5:48  Drone x3  
  64  5:50  Drone x3  
  64  5:53  Roach x5  
  77  6:00  Overseer  
  77  6:01  Overseer  
  77  6:07  Burrow  
  77  6:14  Overseer  
  77  6:17  Overseer  
  77  6:18  Hydralisk x3  
  77  6:19  Roach x2, Hydralisk x2  
  77  6:20  Roach x2  
  77  6:22  Roach  
  97  6:38  Hydralisk x2  
  97  6:39  Hydralisk x2  
  103  6:41  Overlord x3  
  105  6:53  Drone  
  105  6:54  Hatchery  
  105  6:57  Drone  
  106  7:06  Extractor  
  106  7:07  Drone x2  
  106  7:08  Drone  
  108  7:09  Extractor, Hydralisk x2  
  108  7:10  Roach x2  
  115  7:16  Drone, Nydus Network  
  115  7:17  Drone x3  
  115  7:19  Swarm Host  
  115  7:21  Swarm Host  
  127  7:40  Evolution Chamber  
  127  7:42  Evolution Chamber  
  126  7:51  Zergling x4  
  126  7:52  Zergling x6  
  126  7:56  Overlord x2  
  126  7:57  Overlord  
  130  7:59  Overlord x2  
  130  8:06  Spore Crawler  
  130  8:11  Spore Crawler  
  128  8:16  Hydralisk  
  128  8:17  Swarm Host x6  
  128  8:18  Swarm Host x2  
  157  8:34  Drone x3  
  159  8:35  Drone x4  
  159  8:37  Drone x4  
  159  8:39  Overlord  
  168  8:53  Nydus Canal  
  168  8:55  Swarm Host x2  
  168  9:02  Zerg Ground Armor Level 1, Zerg Missile Weapons Level 1  
  174  9:30  Roach x3  
  170  9:42  Ravager x3  
  168  9:52  Overlord x2  
  153  9:53  Overlord x2  
  149  10:01  Hydralisk x3  
  149  10:02  Roach x2  
  149  10:04  Nydus Canal  
  148  10:29  Overseer  
  148  10:30  Overseer  
  148  10:31  Roach, Hydralisk x5  
  148  10:32  Hydralisk, Roach x5  
  148  10:33  Hatchery  
  171  10:43  Overseer  
  126  11:05  Hydralisk x4  
  126  11:06  Roach x4, Hydralisk x3  
  126  11:07  Roach  
  106  11:32  Drone x12, Hydralisk x4  
  86  11:40  Hydralisk  
  82  11:52  Drone  
  82  11:53  Queen  
  76  12:13  Hydralisk x5  
  76  12:14  Roach x2  
  88  12:43  Drone x2  
  88  12:45  Nydus Network, Extractor  
  88  12:47  Extractor  
  83  13:15  Spore Crawler  
  83  13:16  Spore Crawler  
  83  13:18  Drone x3  
  83  13:19  Drone x3  
  87  13:32  Hatchery  
  86  13:35  Nydus Canal  
  86  13:55  Hatchery  
  85  13:57  Hatchery  
  84  14:15  Hydralisk x3  
  84  14:16  Roach x4, Hydralisk x2  
  102  14:28  Queen  
  102  14:29  Queen  
  106  14:32  Muscular Augments  
  106  14:33  Glial Reconstitution  
  106  14:40  Evolution Chamber  
  106  14:42  Evolution Chamber  
  104  14:52  Drone x6  
  110  15:03  Queen  
  112  15:21  Queen  
  112  15:22  Queen  
  112  15:24  Drone x2  
  112  15:25  Drone  
  112  15:26  Drone  
  120  15:43  Hydralisk  
  120  15:44  Overlord x4  
  120  15:45  Overlord x2  
  122  15:50  Overlord x2  
  122  15:51  Hydralisk  
  122  15:52  Roach  
  124  16:06  Overlord x3  
  119  16:22  Nydus Canal  
  119  16:31  Roach x2, Hydralisk x5  
  119  16:32  Hydralisk, Roach x5  
  147  16:36  Queen x2  
  147  16:39  Hydralisk  
  125  17:26  Hydralisk x2  
  125  17:27  Hydralisk x9  
  125  17:29  Zergling x4  
  149  17:47  Zergling x10  
  154  17:53  Nydus Canal  
  154  17:58  Zergling x2  
  154  17:59  Zergling x2  
  156  18:09  Drone x6  
  156  18:20  Drone x3  
  157  18:51  Nydus Canal  
  152  19:02  Roach x2, Hydralisk x5  
  162  19:03  Roach x4  
Show
View Real Time Build Order
Export as new Build Order

WidowMaker Protoss - Winner!

Build Orders: Zealot Archon, Dark Templar Rush 

Get SALT Encoding   

  12  0:01  Probe (Chrono Boost)  
  13  0:12  Probe (Chrono Boost)  
  14  0:22  Probe (Chrono Boost)  
  14  0:25  Pylon  
  15  0:39  Assimilator  
  15  0:43  Probe (Chrono Boost)  
  15  0:49  Gateway  
  16  0:54  Probe (Chrono Boost)  
  18  1:04  Probe (Chrono Boost)  
  18  1:08  Pylon  
  18  1:15  Probe (Chrono Boost)  
  19  1:25  Probe (Chrono Boost)  
  20  1:36  Probe (Chrono Boost)  
  20  1:38  Cybernetics Core  
  21  1:41  Forge  
  21  1:44  Assimilator  
  21  1:46  Probe (Chrono Boost)  
  22  2:12  Probe (Chrono Boost)  
  23  2:19  Twilight Council  
  23  2:23  Warp Gate (Chrono Boost)  
  23  2:24  Photon Cannon  
  23  2:29  Probe  
  24  2:30  Gateway  
  24  2:40  Gateway  
  24  2:41  Probe  
  25  2:51  Pylon  
  25  2:53  Probe  
  26  3:10  Dark Shrine  
  26  3:15  Probe  
  27  3:22  Gateway  
  27  3:28  Probe  
  27  3:29  Pylon  
  28  3:37  Pylon  
  28  3:40  Probe  
  29  4:04  Protoss Ground Weapons Level 1 (Chrono Boost)  
  29  4:22  Dark Templar x3  
  35  4:26  Dark Templar  
  37  4:56  Dark Templar  
  37  4:57  Zealot x2  
  43  5:21  Archon  
  43  5:22  Archon  
  43  5:24  Dark Templar  
  43  5:26  Zealot x2  
  50  5:28  Probe  
  50  5:40  Nexus  
  50  5:41  Pylon  
  50  5:44  Pylon  
  50  5:46  Assimilator  
  50  6:02  Dark Templar x2  
  50  6:04  Zealot x2  
  58  6:14  Archon  
  54  6:33  Dark Templar  
  54  6:34  Zealot x3  
  56  6:59  Probe  
  56  7:01  Probe  
  58  7:10  Probe  
  58  7:13  Probe  
  60  7:20  Probe  
  55  7:31  Probe  
  48  7:41  Probe  
  37  7:49  Assimilator  
  37  7:52  Probe, Protoss Ground Armor Level 1 (Chrono Boost)  
  37  7:54  Photon Cannon  
  37  7:57  Gateway  
  38  7:58  Photon Cannon  
  38  8:03  Probe  
  38  8:05  Charge (Chrono Boost)  
  39  8:06  Nexus  
  39  8:09  Pylon  
  39  8:11  Dark Templar x3  
  45  8:13  Pylon  
  45  8:15  Probe, Assimilator  
  45  8:16  Dark Templar  
  45  8:18  Archon  
  48  8:20  Photon Cannon  
  48  8:28  Probe  
  48  8:33  Photon Cannon  
  49  8:35  Pylon  
  49  8:40  Probe  
  50  8:44  Pylon  
  50  8:52  Probe  
  50  8:54  Photon Cannon  
  51  9:01  Archon  
  51  9:02  Zealot x2  
  53  9:03  Zealot  
  57  9:25  Pylon  
  57  9:36  Forge  
  57  9:39  Pylon  
  57  9:40  Probe  
  57  9:43  Probe x2  
  60  9:50  Probe  
  61  9:55  Probe  
  58  10:01  Probe  
  49  10:10  Dark Templar x2  
  49  10:11  Probe, Dark Templar x3  
  60  10:18  Probe  
  60  10:20  Protoss Ground Armor Level 2 (Chrono Boost)  
  61  10:22  Probe  
  61  10:27  Protoss Ground Weapons Level 2 (Chrono Boost)  
  62  10:32  Probe, Photon Cannon  
  62  10:35  Photon Cannon  
  62  10:40  Archon x2  
  62  10:43  Probe, Dark Templar  
  62  10:44  Dark Templar x2  
  62  10:48  Archon  
  62  10:49  Archon  
  69  10:53  Probe  
  70  11:32  Zealot x3  
  74  11:33  Zealot x2  
  80  11:45  Gateway  
  80  11:47  Gateway  
  54  12:10  Dark Templar x4  
  54  12:11  Dark Templar  
  64  12:22  Archon x2  
  64  12:41  Protoss Shields Level 1 (Chrono Boost)  
  64  12:51  Zealot x3  
  62  12:52  Zealot x2  
  62  12:53  Zealot x2  
  62  13:14  Probe  
  62  13:15  Probe x2  
  62  13:18  Dark Templar x2  
  62  13:19  Dark Templar x5  
  79  13:24  Probe, Assimilator  
  80  13:27  Probe x2  
  80  13:34  Archon x3  
  82  13:35  Probe  
  83  13:45  Pylon  
  83  13:46  Gateway  
  83  13:48  Pylon  
  83  13:51  Dark Templar  
  83  13:53  Zealot x2  
  83  13:54  Zealot x2  
  83  13:55  Zealot x2  
  97  14:01  Protoss Ground Weapons Level 3 (Chrono Boost)  
  97  14:40  Pylon, Dark Templar x5  
  97  14:42  Protoss Ground Armor Level 3 (Chrono Boost)  
  97  14:43  Zealot x2  
  111  14:47  Archon x2  
  111  14:50  Zealot  
  113  14:55  Pylon  
  113  15:11  Dark Templar  
  115  15:14  Dark Templar  
  115  15:15  Dark Templar  
  115  15:20  Probe  
  119  15:22  Probe x2  
  122  15:34  Probe  
  123  15:36  Dark Templar  
  123  15:37  Dark Templar  
  123  15:38  Zealot x3  
  77  16:06  Dark Templar x3  
  77  16:07  Zealot  
  77  16:08  Zealot x2  
  87  16:20  Gateway  
  87  16:25  Gateway  
  87  16:27  Zealot  
  87  16:28  Zealot x3  
  87  16:29  Pylon, Zealot  
  87  16:31  Pylon  
  87  16:57  Archon  
  87  17:07  Dark Templar x4  
  87  17:08  Dark Templar  
  97  17:10  Zealot x3  
  97  17:14  Archon  
  103  17:20  Archon  
  103  17:22  Stalker  
  103  17:23  Stalker  
  107  18:01  Zealot x6  
  107  18:02  Zealot x4  
  107  18:03  Probe  
  107  18:05  Probe  
  129  18:28  Stalker x2  
  129  18:29  Stalker x5  
  129  18:30  Stalker x3  
  143  19:04  Dark Templar x3  
  143  19:05  Zealot x2  
  143  19:06  Zealot x5  
  143  19:09  Archon  
Show
View Real Time Build Order
Export as new Build Order

KING Zerg - Winner!

Build Orders: Pool First 

Get SALT Encoding   

  12  0:20  Spawning Pool  
  11  0:23  Drone  
  11  0:28  Drone  
  13  0:36  Drone  
  13  0:42  Overlord  
  14  0:56  Extractor  
  13  1:08  Zergling x6  
  16  1:12  Queen  
  18  1:25  Zergling x2  
  19  1:30  Zergling x2  
  20  1:43  Zergling x2, Baneling Nest  
  20  1:56  Drone  
  21  2:13  Zergling x2  
  22  2:23  Overlord  
  22  2:24  Overlord  
  22  2:33  Baneling  
  22  2:34  Baneling  
  22  2:46  Zergling x6  
  20  3:13  Drone  
  20  3:26  Lair  
  20  3:27  Drone x2  
  22  3:38  Baneling x2  
  22  3:45  Drone x2  
  24  3:50  Spine Crawler  
  24  3:52  Spore Crawler  
  19  4:16  Drone  
  19  4:17  Drone x3  
  22  4:28  Drone  
  23  4:35  Drone  
  24  4:40  Extractor  
  23  4:50  Overlord  
  23  5:00  Drone x4  
  23  5:06  Queen  
  29  5:15  Hydralisk Den  
  29  5:20  Overlord  
  29  5:21  Overlord  
  28  5:32  Spore Crawler  
  27  5:37  Spine Crawler  
  27  5:38  Spine Crawler  
  27  5:42  Pneumatized Carapace  
  25  5:47  Drone  
  25  5:48  Drone x4  
  30  6:07  Hydralisk x2  
  34  6:16  Muscular Augments  
  34  6:32  Evolution Chamber  
  33  6:45  Hatchery  
  32  6:57  Spore Crawler  
  32  6:58  Evolution Chamber, Hydralisk x4  
  38  7:03  Hydralisk  
  40  7:11  Hydralisk  
  42  7:40  Hatchery  
  41  7:55  Hydralisk x3  
  47  8:07  Zerg Ground Armor Level 1  
  47  8:17  Drone x2  
  47  8:18  Drone  
  50  8:49  Drone x4, Nydus Network  
  50  8:50  Drone  
  54  8:57  Drone x2  
  54  8:58  Drone x2  
  54  9:01  Extractor  
  57  9:03  Extractor  
  57  9:05  Drone  
  57  9:06  Drone  
  52  10:17  Hydralisk x6  
  52  10:18  Hydralisk x5  
  58  10:37  Hydralisk x2  
  58  10:41  Zergling x8  
  66  10:45  Overlord  
  66  10:46  Overlord  
  66  11:03  Hydralisk x3  
  72  11:23  Nydus Canal  
  72  11:24  Zergling x2  
  72  11:25  Zergling x12  
  79  11:26  Zergling x6  
  81  11:56  Hydralisk x2  
  78  12:02  Hydralisk x2  
  78  12:03  Hydralisk x2  
  59  12:21  Hydralisk x3  
  59  12:22  Hydralisk x2  
  58  12:41  Zergling x12  
  58  12:42  Zergling x2  
  65  12:51  Hatchery x2  
  64  12:54  Drone x3, Hatchery  
  64  12:57  Queen x3  
  71  12:59  Overlord x2  
  71  13:04  Zerg Ground Armor Level 2, Zerg Missile Weapons Level 1  
  71  13:09  Lurker Den  
  72  13:12  Drone  
  72  13:13  Drone x2  
  72  13:15  Extractor x2  
  72  13:28  Drone x6  
  72  13:29  Drone  
  72  13:30  Spire  
  78  14:01  Hydralisk x6  
  78  14:02  Hydralisk x2  
  94  14:04  Overlord x2  
  94  14:06  Overlord  
  94  14:32  Drone x5  
  94  14:33  Drone x2  
  94  14:34  Overlord, Drone  
  94  14:35  Overlord x3  
  102  14:38  Overlord  
  102  14:55  Extractor  
  102  14:58  Extractor  
  100  15:03  Lurker x2  
  100  15:04  Lurker x5  
  100  15:05  Lurker  
  108  16:18  Hydralisk x3  
  106  16:19  Hydralisk x7  
  106  16:20  Hydralisk x5  
  106  16:21  Hydralisk x3  
  133  16:37  Hydralisk x5  
  133  16:38  Hydralisk x6  
  133  16:39  Hydralisk x2  
  157  16:51  Nydus Canal  
  157  16:55  Hydralisk x3  
  157  16:56  Hydralisk  
  165  17:11  Nydus Canal  
  162  17:37  Hydralisk x5  
  162  17:38  Hydralisk x3  
  115  18:02  Nydus Canal  
  115  18:07  Overseer x2  
  115  18:13  Hydralisk x2  
  115  18:14  Hydralisk x6  
  115  18:15  Hydralisk x4  
  139  18:34  Hydralisk x5  
  139  18:36  Hydralisk  
  151  18:51  Hydralisk x4  
  151  18:52  Hydralisk  
  161  19:00  Hydralisk x2  
  161  19:02  Hydralisk  
  129  19:06  Hydralisk  
Show
View Real Time Build Order
Export as new Build Order

samanaXZ Protoss 

Build Orders: Nexus First 

Get SALT Encoding   

  12  0:01  Probe (Chrono Boost)  
  13  0:12  Probe (Chrono Boost)  
  14  0:20  Pylon  
  14  0:23  Probe (Chrono Boost)  
  15  0:38  Probe (Chrono Boost)  
  16  1:02  Probe (Chrono Boost)  
  17  1:05  Nexus  
  17  1:19  Forge  
  17  1:23  Probe (Chrono Boost)  
  17  1:24  Pylon  
  18  1:34  Probe (Chrono Boost)  
  19  1:44  Probe (Chrono Boost)  
  19  1:45  Pylon  
  20  1:53  Photon Cannon  
  20  1:55  Probe (Chrono Boost)  
  21  2:02  Gateway  
  21  2:06  Probe (Chrono Boost)  
  22  2:51  Cybernetics Core  
  22  2:53  Assimilator  
  22  2:54  Probe x2 (Chrono Boost)  
  24  3:03  Assimilator  
  24  3:04  Probe (Chrono Boost)  
  24  3:05  Probe (Chrono Boost)  
  26  3:12  Gateway  
  26  3:16  Probe x2 (Chrono Boost)  
  28  3:27  Photon Cannon  
  28  3:31  Probe x2 (Chrono Boost)  
  30  3:40  Warp Gate (Chrono Boost)  
  30  3:43  Probe x2  
  32  3:51  Gateway  
  32  3:53  Probe  
  33  3:55  Probe  
  33  4:01  Twilight Council  
  34  4:04  Probe  
  34  4:07  Probe  
  36  4:16  Probe  
  36  4:20  Probe  
  36  4:23  Protoss Ground Weapons Level 1 (Chrono Boost)  
  38  4:26  Probe  
  39  4:40  Pylon  
  39  4:42  Pylon  
  39  4:44  Assimilator  
  39  4:47  Probe, Pylon  
  39  4:48  Probe  
  39  4:49  Assimilator  
  41  4:58  Robotics Facility  
  41  5:01  Photon Cannon  
  41  5:03  Pylon  
  41  5:06  Probe  
  42  5:09  Charge  
  42  5:12  Gateway  
  42  5:15  Probe  
  42  5:18  Probe  
  44  5:26  Photon Cannon  
  44  5:29  Gateway  
  44  5:30  Mothership Core  
  44  5:32  Pylon  
  44  5:34  Probe  
  47  5:46  Observer  
  48  5:56  Photon Cannon  
  48  6:07  Observer  
  49  6:33  Protoss Ground Weapons Level 2 (Chrono Boost), Zealot x3  
  55  6:57  Zealot x4  
  55  6:58  Pylon, Templar Archives  
  63  7:01  Pylon  
  63  7:03  Pylon  
  63  7:07  Immortal  
  67  7:13  Pylon, Stargate  
  67  7:19  Stalker  
  67  7:20  Stalker  
  67  7:48  Immortal  
  67  7:50  Zealot x3  
  67  7:51  Zealot  
  79  8:00  Forge  
  79  8:12  Zealot x3  
  85  8:24  Pylon  
  85  8:26  Void Ray  
  89  8:28  Pylon, Immortal  
  89  8:29  Protoss Shields Level 1 (Chrono Boost)  
  89  8:32  Stalker x2  
  97  8:37  Protoss Ground Armor Level 1 (Chrono Boost)  
  97  8:43  Zealot x3  
  103  8:51  Pylon  
  103  9:00  Gateway  
  103  9:05  Pylon  
  103  9:06  High Templar x4  
  103  9:07  Observer  
  103  9:09  Photon Cannon  
  112  9:20  Archon  
  112  9:21  Archon  
  112  9:30  Gateway  
  112  9:31  Pylon  
  112  9:56  Stalker  
  112  9:57  Stalker x4  
  122  10:11  Protoss Ground Weapons Level 3 (Chrono Boost)  
  116  10:20  High Templar x3  
  122  10:36  Zealot x2  
  122  10:39  Observer  
  123  11:00  Immortal  
  71  12:55  Zealot x5  
  71  12:57  Void Ray  
  77  12:59  Immortal  
  77  13:02  Protoss Ground Armor Level 2 (Chrono Boost)  
  77  13:03  Protoss Shields Level 2 (Chrono Boost)  
  81  13:50  High Templar  
  81  13:51  High Templar x4  
  81  13:54  Immortal  
  95  14:00  Archon  
  95  14:02  Archon  
  95  14:03  Archon x2  
  95  14:10  Nexus  
  95  14:11  Pylon x2  
  95  14:13  Pylon  
  95  14:14  Pylon, Assimilator  
  95  14:15  Pylon x2  
  95  14:17  Assimilator  
  95  14:21  Void Ray  
  99  14:27  High Templar x2  
  99  14:28  High Templar x3  
  109  14:33  Immortal  
  113  14:39  Photon Cannon  
  113  14:40  Photon Cannon  
  113  14:43  Photon Cannon  
  113  14:46  Photon Cannon  
  113  14:49  Photon Cannon  
  113  14:53  Archon x2  
  113  15:01  Gateway  
  113  15:03  Gateway  
  113  15:09  Gateway  
  113  15:11  Zealot x4  
  113  15:12  Pylon, Observer  
  122  15:25  Void Ray  
  126  15:33  Immortal  
  62  16:42  Zealot x5  
  62  16:45  Void Ray  
  62  16:46  Immortal  
  76  16:52  Robotics Facility  
  76  17:07  Zealot x3  
  76  17:08  Zealot x4  
  90  17:26  Immortal  
  90  17:28  Zealot x5  
  90  17:29  Zealot x2  
  59  18:01  High Templar x3  
  59  18:02  High Templar x5  
  67  18:21  Void Ray  
  71  18:28  Archon x4  
  71  18:34  Zealot x2  
  71  18:35  Zealot x2  
  71  18:37  Zealot x3  
  85  18:43  Mothership Core  
  67  19:03  Stalker x2  
  67  19:04  Stalker x4  
Show
View Real Time Build Order
Export as new Build Order

bizou Zerg 

Build Orders: Hatch First 

Get SALT Encoding   

  12  0:01  Drone  
  13  0:09  Drone  
  14  0:31  Overlord  
  14  0:56  Hatchery  
  13  1:05  Drone, Spawning Pool  
  13  1:08  Drone  
  14  1:12  Extractor  
  13  1:30  Drone  
  13  1:31  Drone  
  13  1:32  Drone  
  16  1:55  Drone x2  
  16  1:57  Queen  
  17  2:34  Zergling x2  
  17  2:35  Zergling x4  
  19  3:06  Zergling x6  
  21  3:21  Drone x3  
  21  3:23  Drone  
  21  3:27  Spine Crawler  
  24  3:41  Zergling x6  
  27  3:50  Overlord  
  27  4:02  Lair  
  24  4:14  Overlord  
  24  4:20  Zergling x2  
  24  4:21  Zergling x4  
  27  4:31  Spine Crawler  
  27  4:37  Zergling x2  
  27  4:48  Extractor  
  25  4:59  Spore Crawler  
  24  5:02  Overseer  
  24  5:09  Lair  
  24  5:45  Hatchery  
  24  5:46  Drone  
  24  6:26  Hatchery  
  21  7:51  Drone x2, Spawning Pool  
  22  8:01  Extractor  
  22  8:02  Drone  
  22  8:04  Extractor  
  21  8:22  Drone x2  
  23  8:29  Drone  
  23  8:30  Drone x2  
  26  8:38  Lair  
  26  8:48  Drone x2  
  28  9:01  Metabolic Boost  
  28  9:05  Drone  
  24  10:03  Zergling x8  
  28  10:09  Spire  
  28  10:12  Drone  
  28  10:15  Spire  
  27  10:33  Drone  
  27  10:34  Drone  
  29  10:37  Hatchery  
  28  11:24  Overlord x4  
  28  11:27  Zerg Flyer Weapons Level 1  
  28  11:28  Zerg Flyer Armor Level 1  
  28  11:50  Drone  
  29  11:55  Queen  
  29  11:59  Drone  
  32  12:02  Corruptor x3  
  32  12:05  Corruptor  
  40  12:34  Drone x3  
  40  12:36  Drone x3  
  46  12:48  Hatchery  
  45  12:58  Corruptor x2  
  45  13:01  Corruptor  
  51  13:19  Drone  
  52  13:24  Drone x3  
  52  13:25  Drone x2  
  57  13:28  Extractor  
  57  13:29  Extractor  
  57  13:33  Corruptor  
  55  13:41  Infestation Pit  
  56  13:44  Drone  
  57  13:55  Drone x3  
  60  14:14  Zerg Flyer Weapons Level 2  
  60  14:26  Drone x3  
  63  14:37  Zergling x2  
  63  14:38  Zergling x10  
  69  14:40  Hive  
  69  14:42  Zerg Flyer Armor Level 2  
  69  14:48  Overlord x2  
  69  15:20  Corruptor x4  
  77  15:22  Overlord x4  
  77  15:23  Overlord x3  
  77  15:38  Overseer  
  65  16:30  Zergling x6  
  65  16:31  Zergling x6  
  67  17:34  Zergling x8  
  67  17:35  Zergling x4  
  72  18:02  Greater Spire  
  72  18:05  Corruptor x4  
  80  18:34  Zergling x8  
  80  18:35  Zergling x10  
  77  18:58  Corruptor x3  
Show
View Real Time Build Order
Export as new Build Order

marbratiger Protoss 

Build Orders:  

Get SALT Encoding   

  12  0:10  Probe (Chrono Boost)  
  13  0:21  Probe (Chrono Boost)  
  14  0:31  Probe (Chrono Boost)  
  14  0:32  Pylon  
  15  1:12  Nexus  
  15  1:16  Probe (Chrono Boost)  
  16  1:21  Gateway  
  16  1:23  Assimilator  
  16  1:30  Forge  
  16  1:32  Probe (Chrono Boost)  
  17  1:44  Pylon  
  17  1:46  Probe (Chrono Boost)  
  18  1:56  Probe (Chrono Boost)  
  19  2:04  Photon Cannon  
  19  2:07  Probe (Chrono Boost)  
  20  2:10  Zealot  
  22  2:17  Probe (Chrono Boost)  
  23  2:24  Photon Cannon  
  23  2:27  Probe (Chrono Boost)  
  24  2:37  Probe (Chrono Boost)  
  24  2:40  Cybernetics Core  
  25  2:55  Zealot  
  27  3:00  Probe (Chrono Boost)  
  27  3:03  Probe (Chrono Boost)  
  29  3:06  Pylon  
  29  3:11  Probe (Chrono Boost), Assimilator  
  28  3:13  Assimilator  
  28  3:20  Pylon  
  28  3:21  Probe (Chrono Boost)  
  29  3:28  Photon Cannon  
  29  3:32  Probe (Chrono Boost)  
  30  3:47  Probe (Chrono Boost)  
  31  3:50  Assimilator  
  31  3:51  Assimilator  
  31  3:54  Pylon  
  31  3:58  Probe (Chrono Boost)  
  31  4:02  Mothership Core (Chrono Boost), Photon Cannon  
  34  4:16  Zealot  
  36  4:22  Probe (Chrono Boost), Robotics Facility  
  37  4:29  Probe (Chrono Boost)  
  38  4:32  Probe (Chrono Boost)  
  38  4:37  Pylon  
  39  4:39  Probe (Chrono Boost)  
  39  4:43  Probe (Chrono Boost)  
  41  4:54  Probe (Chrono Boost)  
  41  4:56  Photon Cannon  
  42  5:04  Probe (Chrono Boost)  
  43  5:17  Robotics Bay  
  43  5:27  Probe (Chrono Boost)  
  44  5:32  Zealot  
  46  5:38  Probe (Chrono Boost), Pylon  
  46  5:40  Stargate  
  47  5:48  Probe (Chrono Boost)  
  48  5:58  Photon Cannon  
  48  6:19  Colossus  
  48  6:24  Phoenix  
  56  6:40  Extended Thermal Lance  
  56  6:43  Protoss Ground Weapons Level 1  
  56  6:46  Pylon  
  56  6:48  Probe (Chrono Boost)  
  56  6:49  Robotics Facility  
  56  6:50  Pylon  
  57  6:57  Phoenix  
  57  6:59  Stargate  
  59  7:16  Nexus, Zealot  
  59  7:32  Colossus  
  59  7:36  Probe (Chrono Boost)  
  62  7:43  Zealot  
  64  7:46  Probe (Chrono Boost)  
  64  7:48  Colossus  
  71  7:51  Phoenix  
  71  7:57  Phoenix  
  75  8:08  Photon Cannon  
  75  8:13  Probe (Chrono Boost)  
  75  8:16  Assimilator  
  76  8:23  Probe (Chrono Boost)  
  76  8:25  Phoenix x2  
  81  8:37  Probe (Chrono Boost)  
  81  8:40  Colossus  
  88  8:47  Probe (Chrono Boost), Observer  
  90  8:52  Probe (Chrono Boost)  
  91  8:58  Probe (Chrono Boost)  
  91  9:00  Probe (Chrono Boost)  
  93  9:03  Probe (Chrono Boost)  
  93  9:06  Protoss Air Weapons Level 1  
  93  9:08  Probe (Chrono Boost)  
  95  9:10  Probe (Chrono Boost)  
  95  9:11  Robotics Facility  
  96  9:18  Colossus  
  96  9:20  Phoenix x2  
  96  9:21  Probe (Chrono Boost)  
  87  9:40  Immortal  
  91  10:04  Phoenix x2  
  95  10:12  Robotics Bay  
  95  10:42  Phoenix  
  95  10:43  Phoenix  
  91  11:19  Colossus  
  91  11:20  Colossus  
  91  11:23  Probe (Chrono Boost)  
  104  11:31  Assimilator  
  103  11:34  Probe (Chrono Boost)  
  104  11:44  Probe (Chrono Boost)  
  104  11:45  Observer Gravitic Boosters  
  105  11:49  Twilight Council  
  87  12:02  Nexus  
  87  12:41  Colossus x3  
  87  12:43  Phoenix x2  
  77  13:17  Probe (Chrono Boost)  
  77  13:18  Probe (Chrono Boost)  
  79  13:21  Assimilator  
  79  13:23  Phoenix x2  
  83  13:28  Probe x2 (Chrono Boost)  
  85  13:39  Protoss Ground Weapons Level 2  
  85  13:49  Forge, Assimilator  
  85  13:54  Colossus x3  
  103  13:59  Probe (Chrono Boost)  
  104  14:08  Probe x2 (Chrono Boost)  
  104  14:09  Probe (Chrono Boost)  
  103  14:20  Probe x3 (Chrono Boost)  
  106  14:27  Phoenix  
  106  14:28  Phoenix  
  110  14:34  Probe x2 (Chrono Boost), Robotics Facility  
  112  14:45  Probe (Chrono Boost)  
  113  14:51  Immortal x2  
  121  14:53  Pylon  
  121  14:55  Pylon  
  121  14:58  Pylon  
  121  14:59  Pylon  
  121  15:01  Pylon  
  121  15:03  Phoenix  
  123  15:07  Phoenix  
  123  15:11  Immortal  
  121  15:41  Observer x2  
  121  15:42  Colossus  
  124  15:52  Pylon  
  124  16:25  Colossus  
  124  16:26  Immortal x2  
  78  17:27  Observer x2  
  69  17:38  Immortal  
  69  17:40  Immortal  
Tags
 
Add a new tag
Caveats
  • Supply blocks, unpowered buildings, or Contaminate may cause inaccurate times.
  • Supply counts are checked every 10 seconds.